 Dungeon Crawl Stone Soup version 0.20-a0-351-gc9b4002 (webtiles) character file.

2634 Faca the Cleaver (level 9, -2/71 HPs)
             Began as a Formicid Fighter on Dec 24, 2016.
             Was an Initiate of Okawaru.
             Slain by an orc warrior
             ... wielding a +0 glaive
              (7 damage)
             ... on level 7 of the Dungeon.
             The game lasted 00:22:05 (6505 turns).

Faca the Cleaver (Formicid Fighter)                 Turns: 6505, Time: 00:22:06

Health: -2/71      AC: 17    Str: 21    XL:     9   Next: 92%
Magic:  9/9        EV: 11    Int:  8    God:    Okawaru [......]
Gold:   468        SH: 14    Dex: 13    Spells: 8/8 levels left

rFire  . . .     SeeInvis +     a - +0 war axe
rCold  . . .     Gourm    .     D - +2 plate armour {MR+}
rNeg   . . .     Faith    .     c - +0 shield
rPois  .         Spirit   .     (helmet unavailable)
rElec  .         Reflect  +     (no cloak)
rCorr  .         Harm     .     i - +0 pair of gloves
MR     ++...                    p - +0 pair of boots
Stlth  ..........               G - +3 amulet of reflection
                                A - +5 ring of evasion
                                e - ring of protection from magic

@: no status effects
A: permanent stasis, dig shafts and tunnels, four strong arms, antennae 3
a: Dig, Shaft Self, Renounce Religion


You were on level 7 of the Dungeon.
You worshipped Okawaru.
Okawaru was noncommittal.
You were not hungry.

You visited 2 branches of the dungeon, and saw 8 of its levels.
You also visited: Sewer and Ossuary.

You collected 468 gold pieces.

Inventory:

Hand Weapons
 a - a +0 war axe (weapon)
 l - a +0 flail of crushing
Armour
 c - a +0 shield (worn)
 i - a +0 pair of gloves (worn)
 j - a +0 large shield
 p - a +0 pair of boots (worn)
 D - a +2 plate armour of magic resistance (worn)
Jewellery
 e - a ring of protection from magic (left hand)
 w - an uncursed ring of resist corrosion
 A - a +5 ring of evasion (right hand)
 G - a +3 amulet of reflection (around neck)
Wands
 z - a wand of flame (21/48)
Scrolls
 m - 5 scrolls of fog
 q - 2 scrolls of magic mapping
 t - 2 scrolls of recharging
 v - 3 scrolls of remove curse
 F - 2 scrolls of enchant armour
Potions
 b - 3 potions of heal wounds
 d - 4 potions of might
 h - a potion of agility
 k - 3 potions of flight
 n - a potion of magic
 o - 5 potions of curing
 r - 5 potions of brilliance
 x - a potion of lignification
Comestibles
 f - 6 bread rations
 g - 2 fruits
 u - a slice of pizza
 E - a meat ration


   Skills:
 + Level 6.5 Fighting
 + Level 9.2 Axes
 + Level 6.5 Armour
 + Level 1.1 Dodging
 + Level 0.3 Stealth
 + Level 7.2 Shields


You had 8 spell levels left.
You didn't know any spells.

Dungeon Overview and Level Annotations

Branches:
Dungeon (7/15)             Temple (1/1) D:7

Altars:
Dithmenos
Elyvilon
Fedhas
Hepliaklqana
Kikubaaqudgha
Makhleb
Nemelex Xobeh
Okawaru
Ru
Uskayaw
Vehumet
Yredelemnul
Zin

Shops:
D:7 }


Innate Abilities, Weirdness & Mutations

You cannot be hasted, slowed, berserked, paralysed or teleported.
You can dig through walls and to a lower floor.
Your four strong arms can wield two-handed weapons with a shield.
You have a pair of large antennae on your head. (SInv)


Message History

You block the orc wizard's attack.
Unknown command.
You barely miss the orc priest. You slash the orc wizard!
You kill the orc wizard!
Okawaru accepts your kill.
You hit the orc warrior. You block the orc priest's attack.
The orc warrior barely misses you.
You slice the orc priest!!
You kill the orc priest!
Okawaru accepts your kill.
You barely miss the orc warrior. You block the orc warrior's attack.
You hit the orc warrior but do no damage.
The orc warrior is almost dead.
Your plate armour prevents you from hitting the orc warrior.
The orc warrior is almost dead.
The orc warrior closely misses you.
You hit the orc warrior but do no damage.
The orc warrior is almost dead.
The orc warrior hits you with a glaive!
You die...

##.#
###.###........>.....#
...#
#####.###..#######...#.#
####
#.....................#.
#...........######...#.#
#..#.###....# #....#.
#..#.#......######.††#.#
######
#......#..............#.
.....#
#..###)#.##.#######..#.#
####.# #..# #.@)......#
#...#. #.#
##.###o#.##.##.####..#.#
#.#
#.....#..............#.
#.#
#.##..####.##.####.##.#
#.######.##..#
#.##......#.#.
####........##..#
#.########..#.
....(....?......#
#...{{........
####."########.##
###########.## ....>.#
#.####### #.#


You could see an orc warrior.

Vanquished Creatures
  Eustachio (D:4)
  A phantom (D:4)
  An ice beast (D:6)
  A sky beast (D:7)
  3 ogres
  The ghost of MrDespairSA the Chopper, an amateur DsGl (D:3)
  A big kobold (Sewer)
  A centaur (D:6)
  3 bullfrogs (D:7)
  A water moccasin zombie (D:5)
  A scorpion (D:7)
  4 howler monkeys
  A bullfrog zombie (D:6)
  5 crimson imps
  2 centaur zombies
  3 hounds
  2 human zombies (Ossuary)
  A jelly (D:7)
  5 orc wizards
  7 orc priests
  A gnoll shaman (D:6)
  An iguana (D:7)
  4 worker ants
  A big kobold zombie (Ossuary)
  A hound skeleton (D:4)
  5 mummies (Ossuary)
  9 adders
  3 gnolls (D:6)
  An adder zombie (D:6)
  3 oozes (Sewer)
  A dart slug (D:3)
  6 worms
  5 leopard geckos
  14 orcs
  6 ball pythons
  5 bats
  9 giant cockroaches
  A gnoll zombie (Ossuary)
  10 goblins
  10 hobgoblins
  A quokka (D:3)
  6 frilled lizards
  A hobgoblin zombie (Ossuary)
  11 kobolds
  2 kobold zombies (Ossuary)
  2 leopard gecko skeletons
  A leopard gecko zombie (D:6)
  12 rats
177 creatures vanquished.

Vanquished Creatures (others)
  A plant (D:6)
1 creature vanquished.

Grand Total: 178 creatures vanquished

Notes
Turn   | Place    | Note
-------+----------+-------------------------------------------
     0 | D:1      | Faca the Formicid Fighter began the quest for the Orb.
     0 | D:1      | Reached XP level 1. HP: 18/18 MP: 1/1
   119 | D:1      | Reached XP level 2. HP: 20/24 MP: 2/2
   398 | D:1      | Reached XP level 3. HP: 25/29 MP: 3/3
  1254 | D:2      | Reached XP level 4. HP: 37/37 MP: 4/4
  1627 | D:3      | Reached XP level 5. HP: 26/42 MP: 5/5
  1670 | D:3      | Found a glowing drain.
  1699 | D:3      | Reached skill level 3 in Axes
  1774 | Sewer    | Entered a sewer
  2361 | Sewer    | Noticed a big kobold
  2379 | Sewer    | Killed a big kobold
  2379 | Sewer    | Reached skill level 4 in Axes
  2379 | Sewer    | Reached skill level 5 in Shields
  2379 | Sewer    | Reached XP level 6. HP: 47/49 MP: 6/6
  2617 | D:3      | Found a blossoming altar of Fedhas.
  2716 | D:3      | Noticed MrDespairSA's ghost (amateur DsGl)
  2724 | D:3      | Killed MrDespairSA's ghost
  2724 | D:3      | Reached XP level 7. HP: 35/55 MP: 7/7
  3019 | D:4      | Noticed Eustachio
  3070 | D:4      | Killed Eustachio
  3070 | D:4      | Reached skill level 5 in Axes
  3249 | D:4      | Found a white marble altar of Elyvilon.
  3256 | D:4      | Found a burning altar of Makhleb.
  3256 | D:4      | Found a radiant altar of Vehumet.
  3676 | D:5      | Entered Level 5 of the Dungeon
  3686 | D:5      | Reached XP level 8. HP: 61/61 MP: 8/8
  3726 | D:5      | Reached skill level 6 in Axes
  3726 | D:5      | Reached skill level 5 in Armour
  3798 | D:5      | Reached skill level 1 in Dodging
  3897 | D:5      | Reached skill level 5 in Fighting
  3975 | D:5      | Found an ancient bone altar of Kikubaaqudgha.
  4798 | D:6      | Reached skill level 7 in Axes
  4897 | D:6      | Reached XP level 9. HP: 69/69 MP: 9/9
  5405 | D:6      | Reached skill level 8 in Axes
  5581 | D:7      | Found a sand-covered staircase.
  5586 | Ossuary  | Entered an ossuary
  5872 | D:7      | Found a hide-covered altar of Uskayaw.
  5949 | D:7      | Found a staircase to the Ecumenical Temple.
  5956 | Temple   | Entered the Ecumenical Temple
  5981 | Temple   | Became a worshipper of Warmaster Okawaru
  6217 | D:7      | Reached skill level 9 in Axes
  6325 | D:7      | Found Puagrebi's Gadget Boutique.
  6505 | D:7      | Slain by an orc warrior

Vault maps used:
D:1:      dpeg_arrival_rooms_c, minmay_tetromino_s4
D:2:      hangedman_decor_push
D:3:      old_standard_altar, gup_sewer_entry_glass, first_bread, minmay_cupped
D:4:      minitemple, kennysheep_generic_room_15, uniq_eustachio
D:5:      overflow_temple_1_default
D:6:      columned_hall_lemuel, serial_bayou_ford_a
D:7:      old_standard_altar, enter_ossuary_2, serial_shops, nicolae_shop_trees,
          minivault_23
Temple:   nicolae_temple_god_jail
Sewer:    sewer_co_15_rooms
Ossuary:  ossuary_crypta

Skill      XL: |  1  2  3  4  5  6  7  8  9 |
---------------+----------------------------+-----
Shields        | 4 5 6 7 |  7.2
Fighting       | 4 5 6 |  6.5
Axes           | 4 5 7 9 |  9.2
Armour         | 4 5 6 |  6.5
Dodging        | 1 |  1.1
Stealth        | |  0.3

Action                   |  1- 3 |  4- 6 |  7- 9 || total
-------------------------+-------+-------+-------++-------
Melee: War axe           |   124 |   207 |   499 ||   830
 Abil: Dig               |     1 |     1 |     3 ||     5
  Use: Scroll            |     4 |     8 |    11 ||    23
       Potion            |       |     2 |       ||     2
  Eat: Royal jelly       |     1 |       |     1 ||     2
       Chunk             |       |     3 |     4 ||     7
       Fruit             |       |     3 |       ||     3
       Bread ration      |       |       |     2 ||     2
Armor: Scale mail        |    43 |       |       ||    43
       Chain mail        |    15 |    90 |   131 ||   236
       Plate armour      |       |       |    55 ||    55
Dodge: Dodged            |    35 |    51 |   145 ||   231
Block: Shield            |    73 |   107 |   255 ||   435
